 Dungeon Crawl Stone Soup version 0.16.2-12-gd0ad4c3 (webtiles) character file.

134473 faibistes the Eclecticist (level 16, -9/92 HPs)
             Began as a Deep Elf Wizard on Dec 20, 2018.
             Was the Champion of Sif Muna.
             Shot with a poisoned bolt by a naga sharpshooter (25 damage)
             ... led by Vashnia
             ... on level 2 of the Snake Pit.
             The game lasted 02:11:39 (41099 turns).

faibistes the Eclecticist (Deep Elf Wizard)        Turns: 41099, Time: 02:11:40

Health: -9/92      AC:  8    Str:  4    XL:     16   Next: 62%
Magic:  19/49      EV: 17    Int: 31    God:    Sif Muna [******]
Gold:   704        SH:  0    Dex: 13    Spells: 12 memorised, 1 level left

rFire  . . .     SeeInvis .     w - staff of conjuration
rCold  . . .     Clarity  +     a - +0 robe
rNeg   . . .     SustAb   .     (no shield)
rPois  +         Gourm    .     i - +1 hat
rElec  .         Spirit   .     m - +2 cloak {+Inv}
rCorr  .         Warding  .     (no gloves)
rMut   .         Stasis   .     Y - +1 pair of boots
MR     +....                    M - amulet of clarity
Stlth  ++........               Q - ring of magical power
                                k - ring of poison resistance

@: somewhat resistant to hostile enchantments, unstealthy
A: no striking features
a: Channel Energy, Forget Spell, Renounce Religion, Evoke Invisibility


You were on level 2 of the Snake Pit.
You worshipped Sif Muna.
Sif Muna was exalted by your worship.
You were not hungry.

You visited 6 branches of the dungeon, and saw 28 of its levels.
You also visited: Bailey.

You collected 2804 gold pieces.
You spent 2100 gold pieces at shops.

Inventory:

Hand weapons
 A - a +6 dagger of flaming
 W - a +3 halberd of electrocution
Armour
 a - a +0 robe (worn)
 i - a +1 hat (worn)
 m - a +2 cloak of invisibility (worn)
 Y - a +1 pair of boots (worn)
Magical staves
 w - an uncursed staff of conjuration (weapon)
Jewellery
 k - a ring of poison resistance (left hand)
 s - an uncursed ring of protection from cold
 y - an uncursed ring of fire
 K - a +3 ring of intelligence
 M - an amulet of clarity (around neck)
 Q - a ring of magical power (right hand)
 U - an uncursed ring of flight
Magical devices
 h - a wand of fireball (5)
 q - a wand of polymorph (7)
 x - a wand of enslavement (7)
 B - a wand of cold (6)
 E - a wand of draining (4)
 G - a wand of paralysis (24)
 I - a wand of enslavement (10)
 L - a wand of cold (8)
 R - a wand of cold (7)
Scrolls
 c - 3 scrolls of blinking
 n - a scroll of summoning
 t - 8 scrolls of remove curse
 J - a scroll of fog
 T - 8 scrolls of teleportation
 V - 4 scrolls of recharging
 X - a scroll of magic mapping
 Z - 2 scrolls of identify
Potions
 b - 4 potions of haste
 e - 3 potions of curing
 f - 2 potions of magic
 g - 2 potions of restore abilities
 j - 5 potions of brilliance
 l - 2 potions of flight
 o - a potion of cure mutation
 p - 5 potions of heal wounds
 r - 6 potions of might
 v - a potion of ambrosia
 z - 2 potions of invisibility
 C - 2 potions of cancellation
 P - a potion of resistance
Books
 H - a book of Ice

   Spells                             Type                      Level
   a - Ice Form                       Ice/Transmutation            4
   b - Metabolic Englaciation         Hexes/Ice                    5
   c - Ozocubu's Refrigeration        Ice                          6
   d - Bolt of Cold                   Conjuration/Ice              6
   e - Freezing Cloud                 Conjuration/Ice/Air          6
   f - Simulacrum                     Ice/Necromancy               6
Miscellaneous
 D - a phial of floods
Comestibles
 d - 12 bread rations
 u - a royal jelly
 N - 3 meat rations


   Skills:
 + Level 7.5 Fighting
 - Level 10.0 Dodging
 - Level 2.4 Stealth
 * Level 16.8 Spellcasting
 + Level 13.1 Conjurations
 - Level 11.0 Charms
   Level 4.0 Summonings
 - Level 7.0 Translocations
 * Level 3.1 Transmutations
 + Level 13.1 Fire Magic
   Level 5.0 Ice Magic
 - Level 5.0 Air Magic
 * Level 3.8 Earth Magic
 - Level 2.1 Poison Magic
 - Level 10.3 Invocations
 - Level 9.1 Evocations


You had one spell level left.
You knew the following spells:

 Your Spells              Type           Power        Failure   Level  Hunger
a - Magic Dart            Conj           ####         0%          1    None
b - Conjure Flame         Conj/Fire      ########     1%          3    None
c - Iskenderun's Battles  Conj/Chrm      ########     1%          5    None
d - Blink                 Tloc           N/A          1%          2    None
e - Mephitic Cloud        Conj/Pois/Air  #######.     1%          3    None
f - Deflect Missiles      Chrm/Air       ######....   12%         6    ##.....
g - Airstrike             Air            ######....   1%          4    None
h - Passwall              Trmt/Erth      #####.....   1%          3    None
i - Ignite Poison         Fire/Trmt      ######....   1%          5    None
v - Bolt of Fire          Conj/Fire      ########..   1%          6    ##.....
x - Sticky Flame          Conj/Fire      ########     1%          4    None
z - Fireball              Conj/Fire      ########..   1%          5    None


Dungeon Overview and Level Annotations

Branches:
Dungeon (10/15)            Temple (1/1) D:4            Lair (8/8) D:8
 Shoals (0/5) Lair:4        Snake (3/5) Lair:5        Slime (0/6) Lair:8
    Orc (4/4) D:9             Elf (2/3) Orc:3

Altars:
Ashenzari
Cheibriados
Dithmenos
Elyvilon
Fedhas
Gozag
Kikubaaqudgha
Makhleb
Nemelex Xobeh
Okawaru
Qazlal
Ru
Sif Muna
Trog
Vehumet
Xom
Yredelemnul
Zin
The Shining One

Shops:
D:6 (   Orc:4 :(}%   Elf:1 :   Snake:1 *

Annotations:
Snake:2 Vashnia


Message History

The naga sharpshooter is severely wounded.
Vashnia seems to burn from within!
Vashnia shouts!
Vashnia is lightly wounded.
The naga sharpshooter seems to burn from within!
The naga sharpshooter shouts!
The naga sharpshooter is heavily wounded.
The naga sharpshooter seems to burn from within!
The naga sharpshooter is severely wounded.
The naga sharpshooter gestures wildly while chanting.
The naga sharpshooter magically shoots a bolt.
The bolt hits you!!
* * * LOW HITPOINT WARNING * * *
The naga sharpshooter is engulfed in roaring flames.
The naga sharpshooter unwields an uncursed trident.
The naga sharpshooter wields an arbalest.
The naga sharpshooter casts a spell.
The naga sharpshooter magically shoots a poisoned bolt.
The poisoned bolt hits you!!
You die...

.........................##
..........................##
.........................#.#
...........................##
.....#.........##......###..#
.....................###
#..## ... ............# ###.#
?.........#...# ###
........@#....#
.....(ยง.........#
.....=........##
................
.N...#........##
NN..##..)..... N. ....##. .
....# .##


You could see Vashnia and 3 naga sharpshooters.

Vanquished Creatures
  Norris (Elf:2)
  A deep elf blademaster (Elf:2)
  Maud (Lair:7)
  A deep elf sorcerer (Elf:1)
  An orc warlord (Orc:2)
  The ghost of faibistes the Eclecticist, a powerful DEWz of Sif Muna (Elf:2)
  The ghost of faibistes the Thaumaturge, a powerful DEWz of Sif Muna (Lair:8)
  The ghost of faibistes the Eclecticist, a powerful DEWz of Sif Muna (Lair:8)
  A deep elf annihilator (Elf:1)
  5 hydras
  4 naga warriors
  A catoblepas (Lair:8)
  3 anacondas (Snake:1)
  13 dancing weapons (Elf:2)
  23 death yaks
  4 naga sharpshooters
  Urug (Orc:2)
  11 deep elf knights
  A salamander mystic (Snake:1)
  A deep troll (shapeshifter) (Elf:2)
  A shock serpent (Snake:2)
  A naga ritualist (Snake:1)
  3 orc knights (Orc:4)
  5 deep elf summoners
  17 deep elf conjurers
  A cyclops (Orc:4)
  A black mamba (shapeshifter) (Elf:1)
  2 mana vipers (Snake:1)
  5 salamanders
  3 manticores
  5 griffons
  12 elephants
  A guardian serpent (Snake:1)
  14 black mambas
  10 spiny frogs
  A queen ant (Lair:2)
  4 naga magi (Snake:1)
  12 komodo dragons
  2 fire drakes
  A troll (Orc:4)
  10 deep elf priests
  3 two-headed ogres
  3 freezing wraiths (Elf:2)
  A polar bear (Lair:6)
  A boulder beetle (Lair:4)
  12 deep elf magi
  2 basilisks
  A wyvern (Lair:8)
  Eustachio (D:5)
  32 yaks
  22 deep elf fighters
  7 wargs
  13 hippogriffs
  3 soldier ants (Lair:2)
  15 wolves
  19 water moccasins
  9 nagas
  12 porcupines
  2 phantoms (D:6)
  30 orc warriors
  3 sky beasts
  A boring beetle (shapeshifter) (Elf:1)
  5 ice beasts
  10 ogres
  3 boring beetles
  17 crocodiles
  12 centaurs
  12 giant frogs
  4 killer bees
  A scorpion (D:7)
  5 wights
  3 crimson imps
  A giant frog zombie (D:6)
  9 hounds
  6 lava snakes (Snake:1)
  2 electric eels (Lair:7)
  5 goliath beetles
  A giant frog skeleton (D:7)
  4 jellies (Lair:8)
  4 iguanas
  Crazy Yiuf (D:5)
  14 orc priests
  23 worker ants
  16 sheep
  2 hell rats
  25 orc wizards
  A hound zombie (D:7)
  2 hound skeletons
  A worker ant zombie (D:7)
  14 adders
  18 gnolls
  4 shadow imps
  A giant mite (D:4)
  32 river rats
  An adder skeleton (D:8)
  3 giant geckos
  4 oozes
  139 orcs
  14 bats
  5 giant cockroaches
  34 goblins
  24 hobgoblins
  15 jackals
  25 kobolds
  15 quokkas
  2 ball pythons
  A giant gecko zombie (D:7)
  3 giant newts
  A kobold zombie (D:9)
  An orc zombie (D:9)
  17 rats
  12 ballistomycetes (D:9)
  3 fungi
  A plant (Lair:8)
957 creatures vanquished.

Vanquished Creatures (collateral kills)
  Rupert (Lair:4)
  An elephant (Lair:5)
  2 spiny frogs (Lair:1)
  A basilisk (Lair:5)
  5 wolves (Lair:3)
  An orc warrior (D:9)
  A porcupine (Lair:3)
  A big kobold (D:9)
  A killer bee (D:8)
  2 orc priests (D:9)
  4 sheep (Lair:1)
  2 worker ants (Lair:2)
  3 adders
  27 river rats
  3 orcs (D:9)
  A hobgoblin (D:1)
  2 jackals (D:1)
  A kobold (D:2)
59 creatures vanquished.

Vanquished Creatures (others)
  2 ice beasts
  A soldier ant (Lair:2)
  An orc priest (D:8)
  A worker ant (Lair:2)
  3 giant spores (D:9)
  A bush (Lair:4)
  39 fungi
  14 plants
62 creatures vanquished.

Grand Total: 1078 creatures vanquished

Notes
Turn   | Place    | Note
--------------------------------------------------------------
     0 | D:1      | faibistes, the Deep Elf Wizard, began the quest for the Orb.
     0 | D:1      | Reached XP level 1. HP: 10/10 MP: 6/6
   260 | D:2      | Reached XP level 2. HP: 15/15 MP: 7/9
   264 | D:2      | Learned a level 2 spell: Blink
   267 | D:2      | Learned a level 2 spell: Call Imp
  1111 | D:2      | Reached XP level 3. HP: 19/19 MP: 10/13
  1116 | D:2      | Learned a level 3 spell: Conjure Flame
  1120 | D:2      | Learned a level 3 spell: Mephitic Cloud
  1657 | D:2      | Reached skill level 5 in Spellcasting
  2251 | D:3      | Reached XP level 4. HP: 24/24 MP: 14/17
  2275 | D:3      | Learned a level 2 spell: Repel Missiles
  2380 | D:5      | Entered Level 5 of the Dungeon
  2930 | D:4      | Reached XP level 5. HP: 22/28 MP: 6/20
  3119 | D:4      | Reached skill level 6 in Spellcasting
  3236 | D:4      | Found a sparkling altar of Nemelex Xobeh.
  3520 | D:4      | Found a staircase to the Ecumenical Temple.
  3529 | Temple   | Entered the Ecumenical Temple
  3599 | Temple   | Became a worshipper of Sif Muna the Loreminder
  4288 | D:5      | Reached XP level 6. HP: 27/32 MP: 13/22
  4440 | D:5      | Noticed Eustachio
  4453 | D:5      | Killed Eustachio
  4453 | D:5      | Reached skill level 1 in Fire Magic
  4453 | D:5      | Reached skill level 1 in Air Magic
  4597 | D:5      | Found a sacrificial altar of Ru.
  4613 | D:5      | Noticed Crazy Yiuf
  4620 | D:5      | Killed Crazy Yiuf
  4696 | D:5      | Reached skill level 1 in Poison Magic
  4788 | D:5      | Noticed an ogre
  4797 | D:5      | Killed an ogre
  4797 | D:5      | Acquired Sif Muna's first power
  4797 | D:5      | Reached skill level 7 in Spellcasting
  4797 | D:5      | Reached XP level 7. HP: 10/36 MP: 15/25
  5042 | D:5      | Noticed a sky beast
  5049 | D:5      | Killed a sky beast
  6007 | D:6      | Reached skill level 5 in Dodging
  6094 | D:6      | Noticed a phantom
  6108 | D:6      | Killed a phantom
  6108 | D:6      | Reached skill level 5 in Conjurations
  6118 | D:6      | Learned a level 4 spell: Airstrike
  6232 | D:6      | Reached XP level 8. HP: 41/41 MP: 23/27
  6321 | D:6      | Noticed an ogre
  6325 | D:6      | Killed an ogre
  6325 | D:6      | Acquired Sif Muna's second power
  6331 | D:6      | Learned a level 4 spell: Summon Ice Beast
  6590 | D:6      | Noticed a phantom
  6599 | D:6      | Killed a phantom
  6821 | D:6      | Found Vuxuavua's Weapon Shop.
  6871 | D:6      | Noticed an orc warrior
  6893 | D:6      | Killed an orc warrior
  6893 | D:6      | Reached skill level 1 in Ice Magic
  7250 | D:7      | Found a glowing silver altar of Zin.
  7273 | D:7      | Reached skill level 1 in Charms
  7273 | D:7      | Reached skill level 1 in Invocations
  7290 | D:7      | Reached skill level 8 in Spellcasting
  7481 | D:8      | Found a staircase to the Lair.
  7493 | D:8      | Reached skill level 1 in Fighting
  7493 | D:8      | Reached skill level 1 in Evocations
  7721 | D:8      | Found a flagged portal.
  7789 | Bailey   | Entered a bailey
  8238 | Bailey   | Reached XP level 9. HP: 47/47 MP: 28/28
  9230 | D:7      | Found a bloodstained altar of Trog.
  9234 | D:7      | Found a shadowy altar of Dithmenos.
  9236 | D:7      | Found an opulent altar of Gozag.
  9238 | D:7      | Found a shimmering altar of Xom.
  9239 | D:7      | Found an ancient bone altar of Kikubaaqudgha.
 11351 | D:9      | Acquired Sif Muna's third power
 11729 | D:9      | Found a staircase to the Orcish Mines.
 11817 | D:10     | Entered Level 10 of the Dungeon
 12379 | D:9      | Reached XP level 10. HP: 47/53 MP: 28/30
 12437 | D:8      | Reached skill level 9 in Spellcasting
 12442 | D:8      | Reached skill level 5 in Fire Magic
 12611 | D:8      | Learned a level 4 spell: Throw Icicle
 13719 | D:9      | Reached skill level 5 in Air Magic
 13914 | Lair:1   | Entered Level 1 of the Lair of Beasts
 14926 | Lair:1   | Reached skill level 5 in Invocations
 15499 | Lair:2   | Reached skill level 5 in Ice Magic
 15519 | Lair:2   | Reached XP level 11. HP: 59/59 MP: 4/32
 15930 | Lair:2   | Reached skill level 10 in Spellcasting
 16176 | Lair:2   | Received a gift from Sif Muna
 16176 | Lair:2   | Reached skill level 11 in Spellcasting
 16176 | Lair:2   | Reached skill level 5 in Translocations
 16176 | Lair:2   | Reached skill level 5 in Evocations
 16176 | Lair:2   | Reached XP level 12. HP: 63/65 MP: 34/34
 16177 | Lair:2   | Identified Sif Muna's Catalogue of Malediction and Air (Sif Muna gifted it to you on level 2 of the Lair of Beasts)
 16181 | Lair:2   | Learned a level 2 spell: Swiftness
 16188 | Lair:2   | Noticed a six-headed hydra
 16200 | Lair:2   | Killed a six-headed hydra
 17989 | Lair:2   | Learned a level 6 spell: Deflect Missiles
 19756 | Lair:4   | Noticed a five-headed hydra
 19768 | Lair:4   | Killed a five-headed hydra
 20147 | Lair:5   | Found a staircase to the Snake Pit.
 20150 | Lair:5   | Reached skill level 12 in Spellcasting
 20736 | Lair:4   | Found a staircase to the Shoals.
 20744 | Lair:4   | Reached XP level 13. HP: 72/72 MP: 17/35
 20908 | Lair:4   | Noticed Rupert
 20937 | Lair:4   | Killed Rupert
 20937 | Lair:4   | Received a gift from Sif Muna
 20938 | Lair:4   | Identified Faes' Disquisition on Dislocated Conjuration (Sif Muna gifted it to you on level 4 of the Lair of Beasts)
 20986 | Lair:4   | Learned a level 4 spell: Iskenderun's Mystic Blast
 22486 | Lair:6   | Learned a level 4 spell: Sticky Flame
 23520 | Lair:5   | Learned a level 5 spell: Fireball
 23798 | Lair:6   | Reached skill level 13 in Spellcasting
 24511 | Lair:8   | Entered Level 8 of the Lair of Beasts
 24519 | Lair:8   | Noticed faibistes' ghost (powerful DEWz)
 24519 | Lair:8   | Reached skill level 5 in Fighting
 24736 | Lair:8   | Killed faibistes' ghost
 24807 | Lair:8   | Noticed faibistes' ghost (powerful DEWz)
 24886 | Lair:8   | Killed faibistes' ghost
 25163 | Lair:7   | Reached skill level 10 in Invocations
 25326 | Lair:7   | Reached XP level 14. HP: 61/78 MP: 22/37
 25373 | Lair:7   | Learned a level 5 spell: Lightning Bolt
 25542 | Lair:7   | Noticed Maud
 25548 | Lair:7   | Killed Maud
 26501 | Lair:7   | Received a gift from Sif Muna
 26502 | Lair:7   | Identified Sif Muna's Compendium of Self-Improvement (Sif Muna gifted it to you on level 7 of the Lair of Beasts)
 26510 | Lair:7   | Learned a level 5 spell: Iskenderun's Battlesphere
 26711 | Lair:7   | Reached skill level 10 in Conjurations
 27127 | Lair:8   | Reached skill level 10 in Fire Magic
 27319 | Lair:8   | Got a translucent war axe
 27320 | Lair:8   | Identified the cursed +1 war axe of Amputhru {freeze, rPois rF+ rC+ Dex-5} (You found it on level 8 of the Lair of Beasts)
 27358 | Lair:8   | Found a staircase to the Slime Pits.
 27359 | Lair:8   | Reached skill level 14 in Spellcasting
 28760 | Lair:8   | Reached skill level 10 in Dodging
 29326 | Orc:1    | Entered Level 1 of the Orcish Mines
 29577 | Orc:2    | Noticed Urug
 29581 | Orc:2    | Killed Urug
 29795 | Orc:3    | Noticed an orc warlord
 29807 | Orc:2    | Killed an orc warlord
 30043 | Orc:4    | Entered Level 4 of the Orcish Mines
 30979 | Orc:1    | Received a gift from Sif Muna
 30981 | Orc:1    | Identified Psuddyut's Incunabulum of Dislocated Enhancements (Sif Muna gifted it to you on level 1 of the Orcish Mines)
 31573 | Orc:3    | Found a staircase to the Elven Halls.
 32670 | Orc:4    | Reached XP level 15. HP: 84/84 MP: 28/39
 33410 | Orc:4    | Found Yzeufuek's Gadget Shoppe.
 33410 | Orc:4    | Found Wuqah's Antique Weapon Shop.
 33413 | Orc:4    | Found Gatikkujesk's Book Boutique.
 33415 | Orc:4    | Found Strigoir's Food Emporium.
 33422 | Orc:4    | Bought a book of Fire for 975 gold pieces
 33422 | Orc:4    | Bought a book of Burglary for 1125 gold pieces
 33430 | Orc:4    | Learned a level 6 spell: Bolt of Fire
 34258 | Elf:1    | Entered Level 1 of the Elven Halls
 34428 | Elf:1    | Found Qiato's Book Shoppe.
 34621 | Elf:1    | Reached skill level 15 in Spellcasting
 34849 | Elf:1    | Identified Vehumet's Compendium of Gliding Damage Dealing
 34996 | Elf:1    | Received a gift from Sif Muna
 34998 | Elf:1    | Identified Sif Muna's Collected Works on Ashen Battle Magic (Sif Muna gifted it to you on level 1 of the Elven Halls)
 35752 | Elf:1    | Reached skill level 10 in Charms
 35803 | Elf:2    | Noticed Norris
 35888 | Elf:2    | Killed Norris
 36370 | Elf:2    | Found a runed gate.
 36371 | Elf:2    | Found a runed gate.
 36372 | Elf:2    | Found a runed gate.
 37041 | Elf:2    | Noticed faibistes' ghost (powerful DEWz)
 37046 | Elf:2    | Killed faibistes' ghost
 37130 | Elf:2    | Noticed a deep elf blademaster
 37130 | Elf:2    | Reached skill level 16 in Spellcasting
 37138 | Elf:2    | Killed a deep elf blademaster
 37140 | Elf:2    | Received a gift from Sif Muna
 37166 | Elf:2    | Reached XP level 16. HP: 81/92 MP: 15/40
 37257 | Elf:2    | Identified Aruo's Grimoire of Self-Improvement (Sif Muna gifted it to you on level 2 of the Elven Halls)
 38731 | Lair:2   | Learned a level 5 spell: Ignite Poison
 38735 | Lair:2   | Learned a level 3 spell: Passwall
 38828 | Snake:1  | Entered Level 1 of the Snake Pit
 39055 | Snake:1  | Reached skill level 1 in Transmutations
 39057 | Snake:1  | Reached skill level 1 in Earth Magic
 39660 | Snake:1  | Found Thremanin's General Store.
 40801 | Snake:2  | Received a gift from Sif Muna
 41099 | Snake:2  | Noticed Vashnia
 41099 | Snake:2  | Shot with a poisoned bolt by a naga sharpshooter

Action                   |  1- 3 |  4- 6 |  7- 9 | 10-12 | 13-15 | 16-18 || total
-------------------------+-------+-------+-------+-------+-------+-------++-------
Melee: Staff             |     1 |     3 |     5 |     9 |     5 |       ||    23
       Halberd           |       |       |     2 |       |       |       ||     2
       Dagger            |       |       |       |     6 |       |       ||     6
 Cast: Magic Dart        |    91 |   110 |   430 |   127 |   180 |    22 ||   960
       Call Imp          |     5 |       |       |       |       |       ||     5
       Mephitic Cloud    |     1 |     5 |    43 |    29 |    20 |       ||    98
       Conjure Flame     |       |     2 |    29 |    84 |    68 |       ||   183
       Repel Missiles    |       |     1 |     4 |     1 |       |       ||     6
       Blink             |       |     1 |     8 |    14 |    13 |     3 ||    39
       Airstrike         |       |       |    68 |   122 |    75 |    46 ||   311
       Summon Ice Beast  |       |       |     3 |    22 |    14 |       ||    39
       Throw Icicle      |       |       |       |    62 |     9 |       ||    71
       Deflect Missiles  |       |       |       |     1 |     2 |     1 ||     4
       Fireball          |       |       |       |       |   267 |    46 ||   313
       Sticky Flame      |       |       |       |       |    62 |     6 ||    68
       Iskenderun's Myst |       |       |       |       |    20 |       ||    20
       Iskenderun's Batt |       |       |       |       |    24 |    18 ||    42
       Bolt of Fire      |       |       |       |       |    27 |    20 ||    47
       Ignite Poison     |       |       |       |       |       |    18 ||    18
Invok: Channel Energy    |       |       |    10 |    24 |    25 |    10 ||    69
       Forget Spell      |       |       |       |     1 |     2 |       ||     3
 Abil: Evoke Invisibilit |       |       |       |       |       |     1 ||     1
Evoke: Wand              |       |       |     8 |       |       |       ||     8
  Use: Scroll            |       |     5 |    14 |    14 |    14 |     5 ||    52
       Potion            |       |       |     5 |     3 |     1 |     1 ||    10
 Stab: Confused          |       |       |     1 |     1 |       |       ||     2
  Eat: Chunk             |     4 |     6 |    20 |    21 |    53 |    10 ||   114
       Beef jerky        |       |     1 |       |     2 |       |       ||     3
       Fruit             |       |       |     4 |       |     2 |       ||     6
       Pizza             |       |       |     1 |     3 |     1 |     3 ||     8
       Royal jelly       |       |       |       |     1 |       |       ||     1
